 Dungeon Crawl Stone Soup version 0.17-a0-1719-g1afd5a1 (webtiles) character file.

95 kosy22 the Skirmisher (level 4, -8/41 HPs)
             Began as a Hill Orc Chaos Knight on Aug 27, 2015.
             Mangled by an ogre
             ... wielding a +0 giant spiked club
              (17 damage)
             ... on level 4 of the Dungeon.
             The game lasted 00:12:53 (2528 turns).

kosy22 the Skirmisher (Hill Orc Chaos Knight)       Turns: 2528, Time: 00:12:53

Health: -8/41      AC:  5    Str: 14    XL:     4   Next: 66%
Magic:  4/4        EV: 11    Int: 12    God:    Xom [..*...]
Gold:   107        SH:  0    Dex: 11    Spells: 0 memorised, 3 levels left

rFire  . . .     SeeInvis .     a - +0 falchion (chaos)
rCold  + . .     Clarity  .     b - +2 leather armour
rNeg   . . .     SustAt   .     (no shield)
rPois  .         Gourm    .     (no helmet)
rElec  .         Spirit   .     (no cloak)
rCorr  .         Warding  .     (no gloves)
rMut   .         Stasis   .     (no boots)
MR     .....                    (no amulet)
Stlth  +.........               h - ring of flight
                                o - ring of protection from cold

@: lethally poisoned (-8 -> -8), not resistant to hostile enchantments, very
unstealthy
A: no striking features
a: Renounce Religion, Evoke Flight


You were on level 4 of the Dungeon.
You worshipped Xom.
You were a toy of Xom.
You were not hungry.

You visited 1 branch of the dungeon, and saw 4 of its levels.

You collected 107 gold pieces.

Inventory:

Hand weapons
 a - a +0 falchion of chaos (weapon)
 t - a +2 vampiric dagger
Missiles
 g - 8 tomahawks
 k - 22 stones (quivered)
Armour
 b - a +2 leather armour (worn)
Jewellery
 d - an uncursed ring of wizardry
 h - a ring of flight (right hand)
 o - a ring of protection from cold (left hand)
Scrolls
 q - a scroll of teleportation
Potions
 e - 2 potions of haste
 f - 2 potions of magic
 l - a potion of lignification {unknown}
 m - 2 potions of curing {unknown}
 p - a potion of flight {unknown}
 r - a potion of mutation {unknown}
Comestibles
 c - 3 bread rations
 i - a royal jelly
 j - a fruit
 n - a beef jerky


   Skills:
 + Level 4.4 Fighting
 + Level 4.1 Long Blades
 + Level 2.8 Armour
 + Level 1.8 Dodging
 + Level 0.3 Stealth


You had 3 spell levels left.
You didn't know any spells.

Dungeon Overview and Level Annotations

Branches:
Dungeon (4/15)
 Temple: D:4-7

Altars:
Dithmenos
Sif Muna
Trog
Xom
The Shining One


Message History

You hit the ogre but do no damage.
The ogre is moderately wounded.
The ogre hits you with a giant spiked club.
You slash the ogre!
The ogre is heavily wounded.
You feel sick.
The ogre hits you with a giant spiked club!
* * * LOW HITPOINT WARNING * * *
You hit the ogre but do no damage.
The ogre is heavily wounded.
The ogre closely misses you.
You hit the ogre but do no damage.
The ogre is heavily wounded.
You barely miss the ogre.
The ogre is heavily wounded.
The ogre misses you.
You feel sick.
The ogre hits you with a giant spiked club!
You die...
Xom bursts into laughter!

.. ... [.... #.
#.# ..... .
#.##.##.....
#.##...........
#..............
#..........#.
#............
#...O......#
#....@.....#
#........###
#........##
..........#
.#.###...## ...
...## ## ....
.....


You could see an ogre.

Vanquished Creatures
  Jessica (D:3)
  An adder (D:4)
  2 worms (D:2)
  A worm (shapeshifter) (D:2)
  An orc (D:3)
  3 ball pythons
  9 goblins
  9 hobgoblins
  3 kobolds
  A quokka (D:3)
  6 bats
  3 giant cockroaches
  4 giant newts
  3 jackals (D:2)
  5 rats
52 creatures vanquished.

Notes
Turn   | Place    | Note
--------------------------------------------------------------
     0 | D:1      | kosy22 the Hill Orc Chaos Knight began the quest for the Orb.
     0 | D:1      | Reached XP level 1. HP: 19/19 MP: 1/1
    49 | D:2      | XOM: harmless Divn miscast
   126 | D:2      | Found a shimmering altar of Xom.
   126 | D:2      | Found a shadowy altar of Dithmenos.
   181 | D:2      | XOM: divination: detect items
   241 | D:2      | Reached XP level 2. HP: 27/27 MP: 2/2
   254 | D:2      | Found a bloodstained altar of Trog.
   465 | D:1      | XOM: harmless Air miscast
   583 | D:1      | XOM: harmless Hex miscast
   653 | D:2      | Reached skill level 4 in Fighting
   709 | D:2      | XOM: harmless Chrm miscast
   714 | D:2      | Reached skill level 1 in Dodging
   740 | D:2      | Reached XP level 3. HP: 31/33 MP: 3/3
   791 | D:2      | XOM: harmless Pois miscast
   854 | D:2      | XOM: silly message
   934 | D:1      | XOM: vitrification
   934 | D:1      | Found a glowing golden altar of the Shining One.
  1134 | D:2      | XOM: fog
  1180 | D:2      | XOM: summons 1 hostile demon
  1581 | D:2      | XOM: polymorph jackal -> kobold
  1598 | D:2      | XOM: confuse monster(s)
  1605 | D:2      | Noticed a centaur
  1605 | D:2      | a hound changed into a centaur
  1609 | D:2      | a centaur changed into a worm
  1609 | D:2      | XOM: polymorph centaur -> worm
  2019 | D:2      | XOM: smoke on damage
  2021 | D:2      | Reached XP level 4. HP: 33/40 MP: 4/4
  2163 | D:3      | Noticed Jessica
  2169 | D:3      | Killed Jessica
  2307 | D:3      | Found a deep blue altar of Sif Muna.
  2439 | D:3      | XOM: silly message
  2516 | D:4      | Noticed an ogre
  2528 | D:4      | Mangled by an ogre

Vault maps used:
D:1:      minmay_arrival_split_and_join, minmay_strange_pillars, tso_altar
D:2:      gammafunk_temple_overflow_pools, first_bread, grunt_ministairs_5,
          bloody_trog
D:3:      grunt_temple_overflow_opulence, gammafunk_temple_overflow_elements,
          serial_glass, glass_columns_c, glass_columns_b, item_on_display_a,
          tgw_sif
D:4:      vehumet_statue, kiku_gazebo_garden_becter, uniq_pikel,
          uniq_blork_the_orc

Action                   |  1- 3 |  4- 6 || total
-------------------------+-------+-------++-------
Melee: Falchion          |   161 |    23 ||   184
  Use: Scroll            |     6 |       ||     6
 Stab: Confused          |     1 |       ||     1
       Paralysed         |     1 |       ||     1
       Sleeping          |       |     1 ||     1
  Eat: Fruit             |     2 |       ||     2
       Bread ration      |     1 |       ||     1
